 Dungeon Crawl Stone Soup version 0.31-a0-986-g5e6e4ef867 (webtiles) character file.

Game seed: 15432492653559646564

76 voltaire321 the Digger (level 4, -3/32 HPs)
             Began as a Demonspawn Earth Elementalist on Nov 8, 2023.
             Slain by a black bear (5 damage)
             ... on level 3 of the Dungeon.
             The game lasted 00:03:36 (1246 turns).

voltaire321 the Digger (DsEE)                       Turns: 1246, Time: 00:03:36

Health: -3/32      AC:  2    Str: 16    XL:     4   Next: 12%
Magic:  3/7        EV: 12    Int: 17    God:
Gold:   137        SH:  0    Dex: 13    Spells: 2/8 levels left

rFire   . . .        e - +0 flail
rCold   . . .        (no shield)
rNeg    . . .        a - +0 robe
rPois   .            (no helmet)
rElec   .            (no cloak)
rCorr   .            (no gloves)
SInv    .            (no boots)
Will    +....        (no amulet)
Stlth   ++           d - ring of willpower
HPRegen 0.25/turn    o - +6 ring of strength
MPRegen 0.10/turn

%: no passive effects
@: no status effects
A: ignite blood 1, spiny 2
a: no special abilities


You were on level 3 of the Dungeon.
You visited 1 branch of the dungeon, and saw 3 of its levels.

You collected 137 gold pieces.

Inventory:

Hand Weapons
 e - a +0 flail (weapon)
Armour
 a - a +0 robe (worn)
Jewellery
 d - a ring of willpower (left hand)
 o - a +6 ring of strength (right hand)
Scrolls
 f - 2 scrolls of enchant armour {unknown}
 g - 2 scrolls of identify {unknown}
 i - a scroll of noise {unknown}
 j - a scroll of teleportation {unknown}
 l - a scroll of amnesia {unknown}
 n - a scroll of fear {unknown}
Potions
 b - 3 potions of magic
 c - a potion of curing {unknown}
 h - 3 potions of heal wounds {unknown}
 k - a potion of brilliance {unknown}
 m - a potion of ambrosia {unknown}
 p - a potion of might {unknown}


   Skills:
 + Level 1.3 Fighting
 + Level 1.2 Armour
 + Level 2.2 Dodging
 - Level 1.7 Stealth
 + Level 2.5 Spellcasting
 + Level 0.5 Conjurations
 - Level 1.0 Transmutations
 + Level 3.1 Earth Magic


You had 2 spell levels left.
You knew the following spells:

 Your Spells              Type           Power      Damage    Failure   Level
a - Sandblast             Erth           24%        2d8       4%          1
b - Passwall              Tmut/Erth      7%         N/A       12%         2
c - Stone Arrow           Conj/Erth      16%        3d8       26%         3

Your spell library contained the following spells:

 Spells                   Type           Power      Damage    Failure   Level
 Petrify                  Tmut/Erth      9%         N/A       61%         4
 Brom's Barrelling Bould  Conj/Erth      8%         2d3       65%         4


Dungeon Overview and Level Annotations

Branches:
Dungeon (3/15)

Altars:


Innate Abilities, Weirdness & Mutations

Your demonic aura sometimes causes spilled blood to erupt in flames.
You are mostly covered in sharp spines.


Message History

A black bear and a rat come into view.
Aiming: Sandblast (safe; 4% risk of failure)
Press: ? - help, Q - select action, (/) - cycle Shift-Dir - straight line, f - rat
Aim: a rat (82% to hit)
The blast of sand hits the rat!
You kill the rat!
Aiming: Sandblast (safe; 4% risk of failure)
Press: ? - help, Q - select action, (/) - cycle Shift-Dir - straight line, f - black bear
Aim: a black bear (87% to hit)
The blast of sand hits the black bear.
The black bear is lightly wounded.
Aiming: Sandblast (safe; 4% risk of failure)
Press: ? - help, Q - select action, (/) - cycle Shift-Dir - straight line, f/p - black bear
Aim: a black bear (lightly wounded, 87% to hit)
The blast of sand hits the black bear!
The black bear is moderately wounded.
The black bear barely misses you. x2; The black bear claws you.
Aiming: Sandblast (safe; 4% risk of failure)
Press: ? - help, Q - select action, (/) - cycle Shift-Dir - straight line, f/p - black bear
Aim: a black bear (moderately wounded, 87% to hit)
The blast of sand hits the black bear.
The black bear is heavily wounded.
The black bear is struck by your spines.
The black bear bites you. The black bear claws you. x2
Aiming: Sandblast (safe; 4% risk of failure)
Press: ? - help, Q - select action, (/) - cycle Shift-Dir - straight line, f/p - black bear
Aim: a black bear (almost dead, 87% to hit)
The blast of sand hits the black bear but does no damage.
The black bear is almost dead.
The black bear is struck by your spines.
The black bear barely misses you. The black bear claws you. x2
The black bear goes berserk!
The black bear closely misses you. The black bear claws you.
* * * LOW HITPOINT WARNING * * *
The black bear claws you.
* * * LOW HITPOINT WARNING * * *
The black bear attacks as it pursues you!
The black bear barely misses you. The black bear closely misses you.
The black bear claws you.
You die...

# #. .#### ...
#####.#######
#...#.......#
#.#.#.#.###.#
#######....h.......
........#.#@#.###.#
#######†#.#.#...
#.#.#.# ### #.#<#..
#<#.### #.#.# #####


You could see a black bear (berserk).

Vanquished Creatures
  4 adders (D:2)
  A worm (D:2)
  2 dart slugs
  3 ball pythons
  4 endoplasms
  3 giant cockroaches
  5 goblins
  2 hobgoblins (D:1)
  A kobold (D:2)
  5 bats
  2 rats
32 creatures vanquished.

Notes
Turn   | Place    | Note
-------+----------+-------------------------------------------
     0 | D:1      | voltaire321 the Demonspawn Earth Elementalist began the
                  | quest for the Orb.
     0 | D:1      | Reached XP level 1. HP: 13/13 MP: 3/3
    50 | D:1      | Reached skill level 1 in Transmutations
   146 | D:1      | Gained mutation: Your demonic aura sometimes causes spilled
                  | blood to erupt in flames. [demonic ancestry]
   146 | D:1      | Reached XP level 2. HP: 20/20 MP: 0/5
   266 | D:1      | Learned a level 2 spell: Passwall
   569 | D:2      | Reached skill level 1 in Fighting
   569 | D:2      | Reached skill level 1 in Armour
   569 | D:2      | Reached skill level 3 in Earth Magic
   569 | D:2      | Gained mutation: You are partially covered in sharp spines.
                  | [demonic ancestry]
   569 | D:2      | Reached XP level 3. HP: 26/26 MP: 3/6
   717 | D:2      | Learned a level 3 spell: Stone Arrow
  1059 | D:2      | Gained mutation: You are mostly covered in sharp spines.
                  | [demonic ancestry]
  1059 | D:2      | Reached XP level 4. HP: 32/32 MP: 4/7
  1237 | D:3      | Noticed a black bear
  1244 | D:3      | HP: 1/32 [black bear (6)]
  1246 | D:3      | Slain by a black bear

Illustrated notes

Levels and vault maps discovered:
D:1:      minmay_arrival_diagonal_passages, layout_rooms
D:2:      layout_rooms, kennysheep_generic_room_7
D:3:      minmay_inner_zag, layout_basic

Skill      XL: |  1  2 |
---------------+-------+-----
Transmutations | 1 |  1.0
Dodging        | 2 |  2.2
Fighting       | 1 |  1.3
Armour         | 1 |  1.2
Earth Magic    | 3 |  3.1
Stealth        | |  1.7
Spellcasting   | |  2.5
Conjurations   | |  0.5

Action                     |  1- 3 |  4- 6 || total
---------------------------+-------+-------++-------
  Melee: Flail             |     3 |       ||     3
   Cast: Sandblast         |    38 |    11 ||    49
 Armour: Robe              |     5 |     9 ||    14
  Dodge: Dodged            |     6 |     7 ||    13

Table legend: (Time is in decaauts)
 A = Elapsed time spent in this place.
 B = Non-inter-level travel time spent in this place.
 C = Inter-level travel time spent in this place.
 D = Time resting spent in this place.
 E = Time spent auto-exploring this place.
 F = Levels seen in this place.
 G = Mean time per level.
                   A        B        C        D        E       F      G
               +--------+--------+--------+--------+--------+-----+--------+
         Total |   1269 |   1215 |     54 |     81 |    869 |   3 |  423.0 |
       Dungeon |   1269 |   1215 |     54 |     81 |    869 |   3 |  423.0 |
               +--------+--------+--------+--------+--------+-----+--------+

Top non-repeatable levels by time:
     D:2: 729 daAuts
     D:1: 512 daAuts
     D:3: 27 daAuts
